 Dungeon Crawl Stone Soup version 0.22.1-2-g9c5b331 (webtiles) character file.

698 Fang the Chopper (level 7, -1/66 HPs)
             Began as a Gargoyle Berserker on Nov 28, 2018.
             Was a Believer of Trog.
             Slain by an ogre
             ... wielding a +0 giant spiked club
              (3 damage)
             ... on level 4 of the Dungeon.
             The game lasted 00:04:05 (4196 turns).

Fang the Chopper (Gargoyle Berserker)               Turns: 4196, Time: 00:04:05

Health: -1/66      AC: 16    Str: 27    XL:     7   Next: 65%
Magic:  7/7        EV: 11    Int:  8    God:    Trog [**....]
Gold:   145        SH:  0    Dex:  9    Spells: 6/6 levels left

rFire    . . .     SeeInvis .   o - +0 war axe
rCold    . . .     Gourm    .   (no shield)
rNeg     + . .     Faith    .   p - +0 plate armour
rPois    ∞         Spirit   .   (no helmet)
rElec    +         Reflect  .   (no cloak)
rCorr    .         Harm     .   (no gloves)
MR       .....                  (no boots)
Stlth    ..........             (no amulet)
HPRegen  0.21/turn              a - +3 ring of evasion
MPRegen  0.10/turn              (no ring)

@: berserking, very quick
A: negative energy resistance 1, electricity resistance, unbreathing,
petrification resistance, rot immunity, AC +4
a: Berserk, Trog's Hand, Renounce Religion


You were on level 4 of the Dungeon.
You worshipped Trog.
Trog was pleased with you.
You were hungry.

You visited 1 branch of the dungeon, and saw 4 of its levels.

You collected 145 gold pieces.

Inventory:

Hand Weapons
 o - a +0 war axe (weapon)
Armour
 p - a +0 plate armour (worn)
Jewellery
 a - a +3 ring of evasion (left hand)
Wands
 k - a wand of acid (19)
Scrolls
 e - a scroll of remove curse {unknown}
 i - 2 scrolls of enchant weapon {unknown}
 j - a scroll of fear {unknown}
 l - 3 scrolls of identify {unknown}
 m - a scroll of magic mapping {unknown}
 n - a scroll of teleportation {unknown}
 q - a scroll of fog {unknown}
Potions
 b - a potion of haste {unknown}
 d - 2 potions of curing
 f - a potion of heal wounds {unknown}
 g - 3 potions of agility {unknown}
 h - 2 potions of resistance {unknown}
 r - a potion of mutation {unknown}
Comestibles
 c - 6 rations


   Skills:
 + Level 5.3 Fighting
 + Level 6.1 Axes
 + Level 3.7 Armour
 + Level 2.4 Dodging
 + Level 1.1 Stealth


You had 6 spell levels left.
You didn't know any spells.
Your spell library was empty.

Dungeon Overview and Level Annotations

Branches:
Dungeon (4/15)
 Temple: D:4-7

Altars:
Cheibriados


Innate Abilities, Weirdness & Mutations

You are resistant to torment.
Your stone body is resilient. (AC +4)
You are immune to poison.
You resist negative energy. (rN+)
You are resistant to electric shocks. (rElec)
You can survive without breathing.
You are immune to petrification.
You are immune to rotting.


Message History

The ogre hits you with a giant spiked club!
* * * LOW HITPOINT WARNING * * *
Unknown command.
You slash the ogre!
The ogre is almost dead.
You slash the ogre! You closely miss the jackal. The jackal closely misses you.
A jackal comes into view.
The ogre hits you with a giant club!
* * * LOW HITPOINT WARNING * * *
The jackal closely misses you.
You slice the ogre!!
You kill the ogre!
Trog accepts your kill.
Your Axes skill increases to level 6!
You hit the jackal.
You kill the jackal!
Trog accepts your kill.
You barely miss the ogre.
The ogre hits you with a giant spiked club.
You die...

##..h #... #..h
#.. ##.. # ..###
...##!#.h.##
#......<†..##
§#.....)@O..#
#...........#
#............#
#.............#
.....)....####.#
..######### . .#


You could see an ogre and a jackal.

Vanquished Creatures
  The ghost of Mikauls the Chopper, an amateur HOFi of Beogh (D:3)
  The ghost of Aero the Insei, an amateur OpTm (D:3)
  2 ogres
  Terence (D:3)
  Robin (D:2)
  A gnoll (D:1)
  7 adders
  An ooze (D:2)
  4 worms
  3 dart slugs
  2 leopard geckos (D:3)
  An orc (D:3)
  5 giant cockroaches
  13 goblins
  9 hobgoblins
  2 jackals (D:4)
  2 ball pythons
  6 bats
  A frilled lizard (D:3)
  5 kobolds
  6 rats (D:1)
74 creatures vanquished.

Vanquished Creatures (others)
  2 withered plants (D:3)
2 creatures vanquished.

Grand Total: 76 creatures vanquished

Notes
Turn   | Place    | Note
-------+----------+-------------------------------------------
     0 | D:1      | Fang the Gargoyle Berserker began the quest for the Orb.
     0 | D:1      | Reached XP level 1. HP: 14/14 MP: 1/1
   370 | D:1      | Reached skill level 3 in Axes
   370 | D:1      | Reached XP level 2. HP: 10/19 MP: 2/2
   882 | D:1      | Reached XP level 3. HP: 20/23 MP: 3/3
  1710 | D:2      | Reached XP level 4. HP: 16/29 MP: 4/4
  1994 | D:2      | Reached ** piety under Trog
  2210 | D:2      | Noticed Robin
  2225 | D:2      | Killed Robin
  2381 | D:2      | Found a snail-covered altar of Cheibriados.
  2406 | D:2      | Reached XP level 5. HP: 25/33 MP: 5/5
  2412 | D:2      | Reached skill level 4 in Axes
  2711 | D:3      | Noticed Terence
  2718 | D:3      | Killed Terence
  2957 | D:3      | Reached skill level 1 in Stealth
  2988 | D:3      | Reached *** piety under Trog
  3160 | D:3      | Found a runed gate.
  3160 | D:3      | Noticed an ogre
  3165 | D:3      | HP: 1/34 [ogre/giant spiked club (23)]
  3167 | D:3      | Killed an ogre
  3167 | D:3      | Reached skill level 5 in Axes
  3167 | D:3      | Reached XP level 6. HP: 1/39 MP: 6/6
  3168 | D:3      | Found a runed gate.
  3535 | D:3      | Found a runed gate.
  3537 | D:3      | Noticed Aero's ghost (amateur OpTm)
  3539 | D:3      | Noticed Mikauls's ghost (amateur HOFi)
  3959 | D:3      | Killed Mikauls's ghost
  3959 | D:3      | Reached skill level 5 in Fighting
  3959 | D:3      | Reached XP level 7. HP: 42/44 MP: 7/7
  3979 | D:3      | Killed Aero's ghost
  4195 | D:4      | HP: 1/66 [ogre/giant club (10)]
  4196 | D:4      | Reached skill level 6 in Axes
  4196 | D:4      | Slain by an ogre

Skill      XL: |  1  2  3  4  5  6  7 |
---------------+----------------------+-----
Axes           | 3 5 6 |  6.1
Dodging        | 2 |  2.4
Fighting       | 4 5 |  5.3
Stealth        | 1 |  1.1
Armour         | 3 |  3.7

Action                   |  1- 3 |  4- 6 |  7- 9 || total
-------------------------+-------+-------+-------++-------
Melee: Hand axe          |    92 |    44 |       ||   136
       War axe           |       |   139 |    24 ||   163
Invok: Berserk           |     1 |     4 |     1 ||     6
  Use: Potion            |       |       |     1 ||     1
  Eat: Chunk             |     4 |     8 |       ||    12
       Ration            |       |     1 |       ||     1
Armor: Animal skin       |    34 |     9 |       ||    43
       Leather armour    |       |    29 |       ||    29
       Plate armour      |       |    75 |    22 ||    97
Dodge: Dodged            |    52 |   122 |    11 ||   185
